 Dungeon Crawl Stone Soup version 0.31-a0-516-gfcb59812bd (webtiles) character file.

Game seed: 5412386572666227568

6965 Morbidden the Destroyer (level 11, -1/54 HPs)
             Began as a Vine Stalker Conjurer on Aug 10, 2023.
             Was a Priest of Cheibriados.
             Slain by an orc warrior
             ... wielding a +0 halberd
              (9 damage)
             ... on level 11 of the Dungeon.
             The game lasted 00:17:02 (12897 turns).

Morbidden the Destroyer (Vine Stalker Conjurer)    Turns: 12897, Time: 00:17:04

Health: -1/54      AC:  6    Str: 17    XL:     11   Next: 7%
Magic:  0/24       EV: 20    Int: 30    God:    Cheibriados [***...]
Gold:   571        SH:  0    Dex: 22    Spells: 15/26 levels left

rFire   . .          .
                       - Unarmed
rCold   . . .        (no shield)
rNeg    . . .        G - +1 leather armour {Will+}
rPois   .            u - +0 helmet
rElec   .            (no cloak)
rCorr   .            (no gloves)
SInv    +            w - +0 pair of boots
Will    ++...        (no amulet)
Stlth   +++          I - +5 ring of evasion
HPRegen 1.09/turn    s - ring of see invisible
MPRegen 0.19/turn

%: guardian spirit
@: slowed, very slow
A: fangs 3, regeneration 1, magic shield, antimagic bite, no potion heal 2
a: Renounce Religion, Bend Time, Temporal Distortion


You were on level 11 of the Dungeon.
You worshipped Cheibriados.
Cheibriados was most pleased with you.
You visited 2 branches of the dungeon, and saw 12 of its levels.

You collected 571 gold pieces.

Inventory:

Hand Weapons
 a - a +3 long sword
 D - a +0 rapier
Missiles
 t - 4 silver javelins
 z - 2 throwing nets
 E - 4 poisoned darts (quivered)
Armour
 k - a +1 robe of fire resistance
 u - a +0 helmet (worn)
 w - a +0 pair of boots (worn)
 G - a +1 leather armour of willpower (worn)
Jewellery
 d - a ring of wizardry
 s - a ring of see invisible (right hand)
 H - a ring of poison resistance
 I - a +5 ring of evasion (left hand)
 J - a ring of resist corrosion
Talismans
 l - a flux talisman
 F - a talisman of death
Wands
 b - a wand of charming (9)
 C - a wand of flame (42)
Scrolls
 c - 3 scrolls of fog
 f - 6 scrolls of teleportation
 h - 4 scrolls of identify
 i - 2 scrolls of amnesia
 m - 2 scrolls of noise
 p - 5 scrolls of enchant weapon
 y - a scroll of silence
 K - 3 scrolls of revelation
 M - a scroll of enchant armour
Potions
 e - a potion of mutation {unknown}
 j - a potion of heal wounds {unknown}
 n - 3 potions of enlightenment {unknown}
 o - 10 potions of curing {unknown}
 q - 2 potions of resistance {unknown}
 r - 5 potions of lignification {unknown}
 v - a potion of might {unknown}
 x - 2 potions of berserk rage {unknown}
 A - a potion of brilliance {unknown}
 B - 3 potions of haste {unknown}
 L - a potion of cancellation {unknown}


   Skills:
 * Level 4.4 Fighting
 + Level 0.8 Throwing
 + Level 2.8 Armour
 * Level 4.9 Dodging
 + Level 3.4 Stealth
 * Level 4.9 Unarmed Combat
 * Level 8.3 Spellcasting
 * Level 8.3 Conjurations
 * Level 3.3 Translocations
 * Level 2.2 Air Magic
 * Level 4.1 Invocations
 * Level 3.5 Shapeshifting


You had 15 spell levels left.
You knew the following spells:

 Your Spells              Type           Power      Damage    Failure   Level
a - Magic Dart            Conj           100%       1d8       1%          1
b - Searing Ray           Conj           100%       2d8       1%          2
c - Airstrike             Air            12%        2d(2-18)  21%         4
z - Iskenderun's Mystic   Conj/Tloc      47%        2d10      4%          4

Your spell library contained the following spells:

 Spells                   Type           Power      Damage    Failure   Level
 Shock                    Conj/Air       100%       1d9       1%          1
 Static Discharge         Conj/Air       88%        2-6/arc   1%          2
 Dazzling Flash           Conj/Hex       74%        N/A       2%          3
 Swiftness                Air            25%        N/A       6%          3
 Fulminant Prism          Conj/Hex       18%        3d10      9%          4
 Ozocubu's Armour         Ice            12%        N/A       14%         3
 Summon Lightning Spire   Summ/Air       19%        N/A       30%         4
 Anguish                  Hex/Necr       6%         N/A       43%         4
 Cause Fear               Hex            6%         N/A       43%         4
 Enfeeble                 Hex            6%         N/A       100%        7
 Ozocubu's Refrigeration  Ice            6%         4d8       100%        7


Dungeon Overview and Level Annotations

Branches:
Dungeon (11/15)            Temple (1/1) D:4             Orc (0/2) D:9
   Lair: D:8-11

Altars:
Ashenzari
Cheibriados
Dithmenos
Elyvilon
Fedhas
Gozag
Hepliaklqana
Kikubaaqudgha
Makhleb
Nemelex Xobeh
Okawaru
Qazlal
Ru
Sif Muna
Trog
Uskayaw
Vehumet
Wu Jian
Xom
Yredelemnul
Zin
The Shining One

Shops:
D:6 *   D:9 [

Annotations:
D:2 1 runed translucent door, Crazy Yiuf
D:7 3 runed translucent doors
D:9 exclusions: death yak and orange crystal statue, Amaemon


Innate Abilities, Weirdness & Mutations

You have razor-sharp teeth.
Your natural rate of healing is unusually fast.
When hurt, damage is shared between your health and your magic reserves.
Your bite disrupts and absorbs the magic of your enemies.
Potions cannot restore your health.


Message History

The wraith is almost destroyed.
The wraith completely misses you.
Unknown command.
Unknown command.
Unknown command.
Casting: Searing Ray (safe; 1% risk of failure)
Confirm with . or Enter, or press ? or * to list all spells.
Aiming: Searing Ray (safe; 1% risk of failure)
Press: ? - help, Shift-Dir - straight line, p - wraith (Press . to maintain the ray.)
The wraith closely misses you. x2
Unknown command.
Unknown command.
Unknown command.
Casting: Searing Ray (safe; 1% risk of failure)
Confirm with . or Enter, or press ? or * to list all spells.
Restarting spell: Searing Ray (safe; 1% risk of failure)
Press: ? - help, Shift-Dir - straight line, f - wraith
Aim: a wraith (almost destroyed, 83% to hit)
The searing ray hits the wraith but does no damage.
The wraith is almost destroyed. (Press . to maintain the ray.)
The wraith closely misses you.
Unknown command.
Unknown command.
The searing ray hits the wraith!
You destroy the wraith!
Cheibriados appreciates the change of pace.
The searing ray hits the vampire!
The vampire is severely damaged.
The searing ray hits the orc warrior.
The orc warrior is moderately wounded.
Unknown command.
The searing ray misses the vampire.
The searing ray hits the orc warrior.
The orc warrior is moderately wounded.
The vampire draws life force from you!!
* * * LOW HITPOINT WARNING * * *
The vampire is healed by the life force!
The orc warrior hits you from afar with a +0 halberd!
You die...

.#......##...##.####.#
.....................#
#############.#####..#
#.........#..#
#[#####.#.#..#
#.(.....#.#..#
#o#.###.#.#..#
#V#...#.#.#..#
#@#.#W#.#.#..#
#.#.#.....#..#
#.#.#.###.#..# #.#....
..#..# #####.# #..#
#C# #..# .W# #.## #.V
#.# #.#


You could see a vampire (invisible) and an orc warrior.

Vanquished Creatures
  A two-headed ogre (D:10)
  A cyclops (D:11)
  A troll (D:11)
  Grinder (D:3)
  2 wraiths
  Eustachio (D:6)
  12 yaks
  3 wyverns
  2 steam dragons
  An acid dragon (D:11)
  A water moccasin (D:6)
  An orc warrior (D:7)
  3 black bears
  2 ice beasts
  2 ogres
  4 centaurs
  A phantom (D:6)
  A kobold brigand (D:7)
  3 bullfrogs
  2 gnoll sergeants
  2 scorpions (D:6)
  6 wights
  2 howler monkeys
  A hound (D:7)
  An orc priest (D:9)
  An iguana (D:7)
  A sleepcap (D:5)
  4 orc wizards (D:5)
  Terence (D:2)
  6 gnolls
  6 adders
  A shadow imp (D:7)
  2 worms (D:2)
  7 dart slugs
  26 orcs
  8 ball pythons
  13 endoplasms
  A giant cockroach (D:4)
  9 goblins
  12 hobgoblins
  7 jackals
  2 quokkas
  4 bats
  3 frilled lizards
  10 kobolds
  9 rats
190 creatures vanquished.

Vanquished Creatures (others)
  An unseen horror (D:11)
1 creature vanquished.

Grand Total: 191 creatures vanquished

Notes
Turn   | Place    | Note
-------+----------+-------------------------------------------
     0 | D:1      | Morbidden the Vine Stalker Conjurer began the quest for the
                  | Orb.
     0 | D:1      | Reached XP level 1. HP: 9/9 MP: 4/4
   168 | D:1      | Reached XP level 2. HP: 13/13 MP: 1/6
   257 | D:1      | Learned a level 2 spell: Searing Ray
   839 | D:2      | Reached XP level 3. HP: 16/16 MP: 2/7
  1125 | D:2      | Found a runed translucent door.
  1126 | D:2      | Noticed Crazy Yiuf
  1594 | D:2      | Noticed Terence
  1787 | D:2      | Killed Terence
  1788 | D:2      | Gained mutation: Your natural rate of healing is unusually
                  | fast. [Vine Stalker growth]
  1788 | D:2      | Reached XP level 4. HP: 21/21 MP: 2/8
  2608 | D:2      | Learned a level 4 spell: Iskenderun's Mystic Blast
  2811 | D:2      | Reached skill level 5 in Conjurations
  2947 | D:3      | Reached skill level 1 in Fighting
  2947 | D:3      | Reached XP level 5. HP: 25/25 MP: 5/10
  3127 | D:3      | Found a sparkling altar of Nemelex Xobeh.
  3257 | D:3      | Found a faded altar of an unknown god.
  3485 | D:3      | Noticed Grinder
  3507 | D:3      | Paralysed by Grinder for 2 turns
  3517 | D:3      | Killed Grinder
  3518 | D:3      | Reached skill level 1 in Armour
  3518 | D:3      | Reached skill level 1 in Unarmed Combat
  3518 | D:3      | Reached XP level 6. HP: 10/30 MP: 4/12
  4264 | D:4      | Found a staircase to the Ecumenical Temple.
  4273 | Temple   | Entered the Ecumenical Temple
  4282 | Temple   | Became a worshipper of Cheibriados the Contemplative
  4612 | D:5      | Entered Level 5 of the Dungeon
  4747 | D:5      | Noticed a black bear
  4753 | D:5      | Killed a black bear
  4754 | D:5      | Reached skill level 1 in Shapeshifting
  4754 | D:5      | Reached XP level 7. HP: 33/33 MP: 5/13
  4951 | D:5      | Reached skill level 1 in Invocations
  5412 | D:5      | Reached * piety under Cheibriados
  6142 | D:5      | Reached skill level 1 in Translocations
  6344 | D:6      | Found Jaduthryo's Gadget Gallery.
  6441 | D:6      | Gained mutation: You have razor-sharp teeth. [Vine Stalker
                  | growth]
  6441 | D:6      | Reached XP level 8. HP: 38/39 MP: 2/16
  6650 | D:6      | Reached skill level 5 in Spellcasting
  7083 | D:6      | Found a glowing silver altar of Zin.
  7141 | D:6      | Noticed a wyvern
  7149 | D:6      | Killed a wyvern
  7223 | D:6      | Noticed Eustachio
  7290 | D:6      | Killed Eustachio
  7291 | D:6      | Reached XP level 9. HP: 34/43 MP: 4/18
  7865 | D:7      | Reached ** piety under Cheibriados
  9232 | D:7      | Found a runed translucent gate.
  9232 | D:7      | Found a runed translucent gate.
  9232 | D:7      | Noticed a manticore
  9233 | D:7      | Noticed a death yak
  9234 | D:7      | Found a runed translucent gate.
  9235 | D:7      | Noticed a manticore
  9235 | D:7      | Noticed a polar bear
  9470 | D:7      | Learned a level 4 spell: Airstrike
  9499 | D:8      | Reached XP level 10. HP: 34/48 MP: 14/21
  9635 | D:8      | Identified the +0 pair of gloves "Dakixo" {rN+ Will+ Str+8
                  | Slay-5}
 10121 | D:8      | Found a stormy altar of Qazlal.
 10416 | D:9      | Found a shimmering altar of Xom.
 10417 | D:9      | Found an ornate altar of the Wu Jian Council.
 10458 | D:9      | Found Nedefuu's Armour Boutique.
 10486 | D:9      | Found a staircase to the Orcish Mines.
 10496 | D:9      | Noticed a deep elf pyromancer
 10640 | D:9      | Reached *** piety under Cheibriados
 10851 | D:9      | Noticed an orange crystal statue
 10886 | D:9      | Noticed a death yak
 10896 | D:9      | Noticed a death yak
 10938 | D:10     | Entered Level 10 of the Dungeon
 11328 | D:10     | Reached skill level 1 in Air Magic
 11620 | D:10     | Found a broken altar of Ashenzari.
 11818 | D:10     | Found a sacrificial altar of Ru.
 11853 | D:10     | Noticed a two-headed ogre
 11872 | D:10     | Killed a two-headed ogre
 12134 | D:9      | Noticed a death yak
 12134 | D:9      | Noticed a death yak
 12134 | D:9      | Noticed a death yak
 12134 | D:9      | Noticed a death yak
 12134 | D:9      | Noticed a death yak
 12243 | D:9      | Noticed Amaemon
 12244 | D:9      | Noticed an orange demon
 12843 | D:11     | Noticed a cyclops
 12844 | D:11     | Noticed an unseen horror
 12847 | D:11     | Killed an unseen horror
 12868 | D:11     | Killed a cyclops
 12869 | D:11     | Reached XP level 11. HP: 28/54 MP: 4/24
 12897 | D:11     | Slain by an orc warrior

Illustrated notes

Levels and vault maps discovered:
D:1:      lemuel_arrival_behind_the_door_small, layout_rooms, hex_tiny
D:2:      layout_basic, minmay_puff, uniq_crazy_yiuf_cottage, uniq_terence
D:3:      layout_rooms, mainiacjoe_overflow_tiny_flanked,
          hellmonk_ecumenical_altar_inner_sanctum, st_stairs_10,
          interstate_on_off, amethyst_killhole, chequers_serial_rivers_micro_c,
          uniq_grinder
D:4:      layout_loops_ring, minmay_temple_entry_antechambers,
          grunt_decor_fettered
D:5:      layout_layer_cave
D:6:      layout_basic, mainiacjoe_overflow_small_starburst,
          nicolae_shop_gadgets, uniq_eustachio
D:7:      lemuel_bear_cage, layout_loops_ring
D:8:      layout_basic, mainiacjoe_overflow_six_doors_small, due_unseen_surprise
D:9:      layout_irregular_city, gammafunk_temple_overflow_pools,
          dpeg_lair_monsters, david_orc_5, serial_shops, shop,
          minmay_protected_statue, uniq_amaemon
D:10:     layout_long_grid, ashenzari_altar_1,
          mainiacjoe_overflow_surrounded_room
D:11:     minmay_the_grid_3x3 [minmay_the_grid_holed_spiral,
          minmay_the_grid_embedded, minmay_the_grid_rooms,
          minmay_the_grid_all_tris, minmay_the_grid_paths,
          minmay_the_grid_pillar_ring, minmay_the_grid_square_x,
          minmay_the_grid_medium_cups,
          minmay_the_grid_prize_four_corners_diamond_a], layout_long_grid,
          ebering_ghost_xom
Temple:   regret_index_temple_waves

Skill      XL: |  1  2  3  4  5  6  7  8  9 10 |
---------------+-------------------------------+-----
Dodging        | 2 3 4 |  4.9
Conjurations   | 5 6 7 8 |  8.3
Fighting       | 1 2 4 |  4.4
Armour         | 1 2 |  2.8
Unarmed Combat | 1 2 3 4 |  4.9
Spellcasting   | 3 4 5 7 8 |  8.3
Stealth        | 3 |  3.4
Shapeshifting  | 1 2 3 |  3.5
Invocations    | 2 3 4 |  4.1
Translocations | 1 2 3 |  3.3
Air Magic      | 2 |  2.2
Throwing       | |  0.8

Action                     |  1- 3 |  4- 6 |  7- 9 | 10-12 || total
---------------------------+-------+-------+-------+-------++-------
  Melee: Unarmed           |       |    10 |    26 |    72 ||   108
         Bite              |       |     2 |     8 |    27 ||    37
         Punch             |       |       |       |     4 ||     4
  Throw: Javelin           |       |       |    13 |       ||    13
         Dart              |       |       |       |     5 ||     5
   Cast: Magic Dart        |    73 |   113 |   109 |    18 ||   313
         Searing Ray       |     2 |     7 |    50 |    27 ||    86
         Iskenderun's Myst |       |       |     4 |    27 ||    31
  Evoke: Wand              |       |       |       |     2 ||     2
    Use: Scroll            |       |     2 |     7 |     6 ||    15
         Potion            |       |     1 |     1 |     1 ||     3
 Armour: Robe              |       |    14 |    25 |       ||    39
         Leather armour    |       |       |     4 |    26 ||    30
  Dodge: Dodged            |     4 |    17 |    52 |   124 ||   197
   Form: Flux              |     2 |       |     3 |       ||     5
                           |     2 |       |     2 |     1 ||     5

Table legend: (Time is in decaauts)
 A = Elapsed time spent in this place.
 B = Non-inter-level travel time spent in this place.
 C = Inter-level travel time spent in this place.
 D = Time resting spent in this place.
 E = Time spent auto-exploring this place.
 F = Levels seen in this place.
 G = Mean time per level.
                   A        B        C        D        E       F      G
               +--------+--------+--------+--------+--------+-----+--------+
         Total |  14880 |  14194 |    686 |   1820 |  10593 |  12 | 1240.0 |
       Dungeon |  14862 |  14184 |    678 |   1820 |  10593 |  11 | 1351.1 |
        Temple |     18 |     11 |      7 |      0 |      0 |   1 |   18.0 |
               +--------+--------+--------+--------+--------+-----+--------+

Top non-repeatable levels by time:
     D:7: 2260 daAuts
     D:5: 1931 daAuts
     D:2: 1911 daAuts
    D:10: 1819 daAuts
     D:6: 1314 daAuts
     D:4: 1222 daAuts
     D:8: 1186 daAuts
     D:1: 950 daAuts
     D:3: 882 daAuts
     D:9: 727 daAuts
    D:11: 656 daAuts
  Temple: 18 daAuts
